 Dungeon Crawl Stone Soup version 0.25-b1-46-gb8a1ec05df (webtiles) character file.

Game seed: 5249304452714106704

1544 nightchill the Chiller (level 8, -5/68 HPs)
             Began as a Ghoul Ice Elementalist on June 11, 2020.
             Was an Initiate of Ru.
             Slain by an orc warrior
             ... wielding a cursed +0 halberd
              (19 damage)
             ... on level 6 of the Dungeon.
             The game lasted 00:17:15 (5601 turns).

nightchill the Chiller (Ghoul Ice Elementalist)     Turns: 5601, Time: 00:17:16

Health: -5/68      AC: 15    Str: 17    XL:     8   Next: 87%
Magic:  13/13      EV:  6    Int: 11    God:    Ru [......]
Gold:   346        SH:  4    Dex:  9    Spells: 14/15 levels left

rFire    . . .     SeeInvis .   a - +0 war axe
rCold    + . .     Gourm    .   t - +2 buckler
rNeg     + + +     Faith    .   A - +6 chain mail "Tafow" {Str+4 Stlth-}
rPois    ∞         Spirit   .   (no helmet)
rElec    .         Reflect  .   (no cloak)
rCorr    .         Harm     .   (no gloves)
MR       .....                  x - +0 pair of boots
Stlth    ..........             (no amulet)
HPRegen  0.00/turn              (no ring)
MPRegen  0.13/turn              (no ring)

@: rotting
A: rotting body, claws 1, carnivore, cold resistance 1, negative energy
resistance 3, inhibited regeneration, torment resistance, unbreathing
a: Renounce Religion


You were on level 6 of the Dungeon.
You worshipped Ru.
Ru was noncommittal.
You were not hungry.

You visited 2 branches of the dungeon, and saw 7 of its levels.

You collected 346 gold pieces.

Inventory:

Hand Weapons
 a - a +0 war axe (weapon)
 b - a +0 short sword of venom
 B - a +1 antimagic dagger
 C - a +0 hand axe
Missiles
 g - 133 stones (quivered)
Armour
 i - a +0 robe
 o - a +0 scale mail
 t - a +2 buckler (worn)
 x - a +0 pair of boots (worn)
 A - the +6 chain mail "Tafow" (worn) {Str+4 Stlth-}
   (You found it on level 4 of the Dungeon)

   It affects your strength (+4).
   It makes you less stealthy.
Jewellery
 e - an uncursed ring of fire {unknown}
 f - an uncursed ring of protection from fire
 s - an uncursed ring of ice {unknown}
 E - an uncursed amulet of faith {unknown}
Scrolls
 d - 3 scrolls of blinking {unknown}
 h - 2 scrolls of enchant weapon {unknown}
 j - 5 scrolls of remove curse {unknown}
 l - 3 scrolls of enchant armour {unknown}
 m - 2 scrolls of magic mapping {unknown}
 p - 3 scrolls of amnesia {unknown}
 r - 3 scrolls of identify {unknown}
 y - 2 scrolls of teleportation {unknown}
 z - a scroll of silence {unknown}
 D - a scroll of random uselessness {unknown}
 G - a scroll of fog {unknown}
Potions
 k - 2 potions of stabbing {unknown}
 n - a potion of lignification {unknown}
 q - 2 potions of brilliance {unknown}
 u - a potion of might {unknown}
 v - 2 potions of mutation {unknown}
 w - 4 potions of curing
Comestibles
 c - 19 rations
 F - 8 chunks of flesh


   Skills:
 + Level 5.2 Fighting
 * Level 6.1 Axes
 - Level 1.7 Dodging
 - Level 2.1 Stealth
 - Level 4.1 Spellcasting
 - Level 6.9 Ice Magic


You had 14 spell levels left.
You knew the following spells:

 Your Spells              Type           Power        Failure   Level  Hunger
a - Freeze                Ice            ###.         38%         1    #......

Your spell library contained the following spells:

 Spells                   Type           Power        Failure   Level  Hunger
 Frozen Ramparts          Ice            ###...       77%         3    ###....
 Ozocubu's Armour         Chrm/Ice       #.......     99%         3    ###....
 Corona                   Hex            #......      100%        1    #......
 Slow                     Hex            #.......     100%        2    ##.....
 Inner Flame              Hex/Fire       #.......     100%        3    ###....
 Portal Projectile        Hex/Tloc       #.....       100%        3    ###....
 Cause Fear               Hex            #.........   100%        4    #####..
 Hailstorm                Conj/Ice       #.......     100%        4    #####..
 Leda's Liquefaction      Hex/Erth       #.........   100%        4    #####..
 Summon Ice Beast         Ice/Summ       #.......     100%        4    #####..


Dungeon Overview and Level Annotations

Branches:
Dungeon (6/15)             Temple (1/1) D:4

Altars:
Ashenzari
Dithmenos
Elyvilon
Fedhas
Hepliaklqana
Kikubaaqudgha
Nemelex Xobeh
Qazlal
Ru
Sif Muna
Trog
Uskayaw
Vehumet
Wu Jian
Xom
Yredelemnul
Zin
The Shining One


Innate Abilities, Weirdness & Mutations

Your body is rotting away.
You thrive on raw meat.
You are immune to poison.
You have sharp fingernails.
You are carnivorous and can eat meat at any time.
Your flesh is cold resistant. (rC+)
You are immune to negative energy. (rN+++)
You do not regenerate when monsters are visible.
You are immune to unholy pain and torment.
You can survive without breathing.


Message History

The orc hits you but does no damage. You block the orc's attack.
The orc warrior closely misses you. The orc hits you but does no damage. x2
You barely miss the orc warrior. You hit the orc.
Your shield and chain mail "Tafow" prevent you from hitting the orc.
The orc hits you but does no damage. The orc barely misses you.
The orc warrior hits you with a cursed +0 halberd!!
You hit the orc warrior but do no damage.
You closely miss the orc.
The orc warrior hits you but does no damage.
The orc barely misses you.
Your chain mail "Tafow" prevents you from hitting the orc warrior.
You closely miss the orc.
The orc warrior hits you with a cursed +0 halberd.
You block the orc's attack.
The orc warrior hits you with a cursed +0 halberd!!
* * * LOW HITPOINT WARNING * * *
You closely miss the orc warrior. You hit the orc. You block the orc's attack.
The orc hits you but does no damage.
The orc warrior hits you with a cursed +0 halberd!!
You die...

##########
#........##############
#........#....#........
#........#....'........
#........#....#........
#........#....#.......)
#....o@..#'####....##..
#####o###.....#....##..
#...o..#.....#'#####..
#......'.....#.....#..
#>.....#.....#.....#..
#......#.....#.....#..
########.....'.....'..
#.....#######..
######......#


You could see an orc warrior and 2 orcs.

Vanquished Creatures
  An ice beast (D:6)
  A sky beast (D:6)
  5 ogres
  A phantom (D:6)
  Blork the orc (D:5)
  A bullfrog (D:5)
  A scorpion (D:6)
  2 vampire bats (D:5)
  3 wights
  2 howler monkeys (D:6)
  3 orc priests
  2 hounds
  Jessica (D:2)
  An orc wizard (D:5)
  A worker ant (D:5)
  3 gnolls (D:3)
  5 adders
  An ooze (D:4)
  2 adder skeletons
  A worm (D:2)
  3 dart slugs
  5 leopard geckos
  9 orcs
  A ball python (D:1)
  3 giant cockroaches
  4 goblins
  5 hobgoblins
  6 jackals
  3 kobolds
  A quokka (D:2)
  9 bats
  4 frilled lizards
  10 rats
  A spectral orc (D:2)
102 creatures vanquished.

Vanquished Creatures (others)
  5 toadstools (D:5)
5 creatures vanquished.

Grand Total: 107 creatures vanquished

Notes
Turn   | Place    | Note
-------+----------+-------------------------------------------
     0 | D:1      | nightchill the Ghoul Ice Elementalist began the quest for
                  | the Orb.
     0 | D:1      | Reached XP level 1. HP: 14/14 MP: 2/2
   111 | D:1      | Reached XP level 2. HP: 3/22 MP: 0/3
   680 | D:1      | Reached skill level 1 in Fighting
   748 | D:1      | You fall into a shaft and drop 1 floor!
   816 | D:2      | Reached XP level 3. HP: 22/28 MP: 2/5
   984 | D:2      | Noticed Jessica
   991 | D:2      | Killed Jessica
   991 | D:2      | Reached skill level 1 in Axes
   991 | D:2      | Reached skill level 5 in Ice Magic
   991 | D:2      | Reached XP level 4. HP: 35/35 MP: 1/6
  1866 | D:2      | Found a basalt altar of Yredelemnul.
  2132 | D:3      | Found a bloodstained altar of Trog.
  2273 | D:3      | Reached XP level 5. HP: 35/41 MP: 7/7
  2583 | D:3      | Found a shimmering blue altar of Sif Muna.
  2768 | D:4      | Noticed an ogre
  2781 | D:4      | HP: 1/41 [ogre/+0 giant club (16)]
  2782 | D:4      | Killed an ogre
  2782 | D:4      | Reached XP level 6. HP: 1/50 MP: 3/9
  3199 | D:4      | Found a staircase to the Ecumenical Temple.
  3228 | Temple   | Entered the Ecumenical Temple
  3291 | Temple   | Became a worshipper of Ru the Awakened
  3765 | D:4      | Got a steaming chain mail
  3776 | D:4      | Identified the +6 chain mail "Tafow" {Str+4 Stlth-} (You
                  | found it on level 4 of the Dungeon)
  3856 | D:5      | Entered Level 5 of the Dungeon
  3879 | D:5      | Reached XP level 7. HP: 47/57 MP: 10/10
  4228 | D:5      | Noticed Blork the orc
  4255 | D:5      | Killed Blork the orc
  4278 | D:5      | Found a hide-covered altar of Uskayaw.
  4528 | D:5      | Found a blossoming altar of Fedhas.
  4716 | D:5      | Reached XP level 8. HP: 33/64 MP: 12/12
  4920 | D:6      | Found a sparkling altar of Nemelex Xobeh.
  5165 | D:6      | Reached skill level 5 in Axes
  5329 | D:6      | Found a shattered altar of Ashenzari.
  5525 | D:6      | Reached skill level 5 in Fighting
  5601 | D:6      | Slain by an orc warrior

Illustrated notes

Levels and vault maps discovered:
D:1:      dpeg_arrival_shelter, layout_rooms
D:2:      layout_basic, yredelemnul_forgotten_temple_becter, uniq_jessica
D:3:      layout_rooms, marbit_many_paths, led_sif_pool,
          guppyfry_early_lair_pool
D:4:      layout_loops_cross, temple_pool_b
D:5:      layout_gridville, fedhas_altar_fruit_tree,
          eat_drink_and_be_merry_uskayaw, first_ration, minivault_14,
          minmay_gold_behind_fungi, roderic_batcave, uniq_blork_the_orc
D:6:      layout_gridville, nemelex_xobeh_ov_fountains_minmay,
          cheibrodos_ashenzari_chains, nemelex_diamond_rough_becter
Temple:   chequers_temple_sunken

Skill      XL: |  1  2  3  4  5  6  7  8 |
---------------+-------------------------+-----
Spellcasting   | 2 3 4 |  4.1
Fighting       | 1 2 3 4 5 |  5.2
Axes           | 1 2 3 4 6 |  6.1
Ice Magic      | 5 6 |  6.9
Dodging        | |  1.7
Stealth        | |  2.1

Action                   |  1- 3 |  4- 6 |  7- 9 || total
-------------------------+-------+-------+-------++-------
Melee: Unarmed           |    19 |       |       ||    19
       Short sword       |    13 |   171 |    47 ||   231
       Hand axe          |       |       |    47 ||    47
       War axe           |       |       |   158 ||   158
 Cast: Freeze            |    23 |     7 |       ||    30
Invok: Reject Sacrifices |       |       |     1 ||     1
  Eat: Chunk             |    10 |    19 |    21 ||    50
Armor: Robe              |     4 |     8 |       ||    12
       Scale mail        |       |    49 |       ||    49
       Chain mail        |       |    28 |   248 ||   276
Dodge: Dodged            |    35 |    85 |   112 ||   232
Block: Buckler           |       |    27 |    71 ||    98
